 Dungeon Crawl Stone Soup version 0.26-a0-663-g36e8fdb655 (webtiles) character file.

Game seed: 1962792265453851270

300 Gargoyl the Skirmisher (level 6, -1/53 HPs)
             Began as a Gnoll Abyssal Knight on Oct 11, 2020.
             Was a Believer of Lugonu.
             Slain by an orc
             ... wielding a +0 trident
              (3 damage)
             ... on level 5 of the Dungeon.
             The game lasted 00:05:34 (3522 turns).

Gargoyl the Skirmisher (Gnoll Abyssal Knight)       Turns: 3522, Time: 00:05:35

Health: -1/53      AC:  9    Str: 16    XL:     6   Next: 36%
Magic:  9/9        EV: 10    Int: 15    God:    Lugonu [**....]
Gold:   297        SH:  8    Dex: 14    Spells: 8/8 levels left

rFire    . . .     SeeInvis .   a - +1 hand axe
rCold    . . .     Faith    .   e - +0 kite shield
rNeg     . . .     Spirit   .   b - +0 leather armour
rPois    .         Reflect  .   k - +0 helmet
rElec    .         Harm     .   (no cloak)
rCorr    .         Rampage  .   j - +0 pair of gloves
MR       .....                  c - +2 pair of boots {Stlth+}
Stlth    +++.......             (no amulet)
HPRegen  0.17/turn              (no ring)
MPRegen  0.11/turn              (no ring)

@: no status effects
A: distributed training, fangs 1, strong nose
a: Depart the Abyss, Bend Space, Renounce Religion


You were on level 5 of the Dungeon.
You worshipped Lugonu.
Lugonu was pleased with you.
You visited 1 branch of the dungeon, and saw 5 of its levels.
You visited the Abyss 1 time.

You collected 297 gold pieces.

Inventory:

Hand Weapons
 a - a +1 hand axe (weapon)
Missiles
 d - 39 poisoned darts (quivered)
 r - 6 boomerangs
Armour
 b - a +0 leather armour (worn)
 c - a +2 pair of boots of stealth (worn)
 e - a +0 kite shield (worn)
 j - a +0 pair of gloves (worn)
 k - a +0 helmet (worn)
Jewellery
 n - an uncursed ring of poison resistance {unknown}
 p - an uncursed amulet of magic regeneration {unknown}
 q - a cursed amulet of inaccuracy {unknown}
Wands
 m - a wand of random effects (15)
Scrolls
 l - 3 scrolls of identify
Potions
 f - a potion of brilliance
 g - 2 potions of haste
 h - a potion of ambrosia
 i - a potion of heal wounds {unknown}
 o - a potion of invisibility {unknown}


   Skills:
 + Level 6.8 Fighting
 + Level 1.9 Short Blades
 + Level 1.9 Long Blades
 + Level 5.0 Axes
 + Level 1.9 Maces & Flails
 + Level 1.9 Polearms
 + Level 1.9 Staves
 + Level 1.9 Slings
 + Level 1.9 Bows
 + Level 1.9 Crossbows
 + Level 1.9 Throwing
 + Level 5.0 Armour
 + Level 3.2 Dodging
 + Level 1.9 Stealth
 + Level 1.9 Shields
 + Level 1.9 Unarmed Combat
 + Level 1.9 Spellcasting
 + Level 1.5 Conjurations
 + Level 1.5 Hexes
 + Level 1.5 Summonings
 + Level 1.5 Necromancy
 + Level 1.5 Translocations
 + Level 1.5 Transmutations
 + Level 1.5 Fire Magic
 + Level 1.5 Ice Magic
 + Level 1.5 Air Magic
 + Level 1.5 Earth Magic
 + Level 1.5 Poison Magic
 + Level 5.0 Invocations
 + Level 1.9 Evocations


You had 8 spell levels left.
You didn't know any spells.
Your spell library was empty.

Dungeon Overview and Level Annotations

Branches:
Dungeon (5/15)
 Temple: D:4-7

Altars:
Hepliaklqana
Kikubaaqudgha
Ru
Vehumet
Wu Jian
Yredelemnul
The Shining One

Annotations:
D:2 Sigmund


Innate Abilities, Weirdness & Mutations

Your experience applies equally to all skills.
You have very sharp teeth.
Your uncanny sense of smell can sniff out nearby items.


Message History

* * * LOW HITPOINT WARNING * * *
You hit something. You miss something.
You feel less invigorated.
You feel less confused.
Something hits you but does no damage. x3; The orc hits you but does no damage.
Something hits you but does no damage.
You barely miss something. You miss something.
Something hits you but does no damage. x2; You block the orc's attack.
Something hits you.
* * * LOW HITPOINT WARNING * * *
You miss something. Your bite misses something. You barely miss something.
Something hits you but does no damage. You block something's attack.
The orc closely misses you. Something hits you but does no damage.
You miss something. You closely miss something.
Something hits you but does no damage.
You hear some strange, mumbled words.
A magic dart appears from out of thin air!
The magic dart hits you!
* * * LOW HITPOINT WARNING * * *
The orc hits you from afar with a +0 trident.
You die...

#.# #.##
#. #...
#.# #..
#.# #..
#.# #.#
#+# #.#
#.#
#.##.#
#@###.#.#
#{{....#
#o###.#.#
#.#
#.##.#
#.#
#<#∆#.#
#.# ###
#.# #.#
#.# #+#
#.# #.


You could see an orc.

Vanquished Creatures
  A scorpion (D:4)
  A hound (D:4)
  A bullfrog skeleton (D:4)
  An orc priest (D:5)
  Ijyb (D:3)
  2 worker ants (D:4)
  2 adders
  An ooze (D:2)
  A worm (D:2)
  A dart slug (D:2)
  A leopard gecko (D:4)
  7 orcs
  4 giant cockroaches
  6 goblins
  10 hobgoblins
  4 jackals
  A ball python (D:3)
  6 bats
  2 frilled lizards
  A jackal skeleton (D:4)
  4 kobolds
  4 rats
62 creatures vanquished.

Notes
Turn   | Place    | Note
-------+----------+-------------------------------------------
     0 | Abyss:1  | Gargoyl the Gnoll Abyssal Knight began the quest for the
                  | Orb.
     0 | Abyss:1  | Reached XP level 1. HP: 23/23 MP: 3/3
    73 | Abyss:2  | Noticed a mana viper
    93 | Abyss:2  | Noticed a neqoxec
    93 | Abyss:2  | Noticed a starcursed mass
    95 | Abyss:2  | Noticed a crimson imp
    96 | D:1      | Escaped the Abyss
   144 | D:1      | Reached * piety under Lugonu
   267 | D:1      | Reached XP level 2. HP: 29/29 MP: 5/5
  1185 | D:2      | Reached XP level 3. HP: 32/35 MP: 6/6
  1565 | D:2      | Reached skill level 1 in Short Blades
  1565 | D:2      | Reached skill level 1 in Long Blades
  1565 | D:2      | Reached skill level 1 in Maces & Flails
  1565 | D:2      | Reached skill level 1 in Polearms
  1565 | D:2      | Reached skill level 1 in Staves
  1565 | D:2      | Reached skill level 1 in Slings
  1565 | D:2      | Reached skill level 1 in Bows
  1565 | D:2      | Reached skill level 1 in Crossbows
  1565 | D:2      | Reached skill level 1 in Throwing
  1565 | D:2      | Reached skill level 1 in Stealth
  1565 | D:2      | Reached skill level 1 in Shields
  1565 | D:2      | Reached skill level 1 in Unarmed Combat
  1565 | D:2      | Reached skill level 1 in Spellcasting
  1565 | D:2      | Reached skill level 1 in Evocations
  1667 | D:2      | Noticed Sigmund
  1973 | D:3      | Noticed Ijyb
  2005 | D:3      | Reached ** piety under Lugonu
  2005 | D:3      | Reached XP level 4. HP: 33/41 MP: 7/7
  2282 | D:3      | Killed Ijyb
  2282 | D:3      | Reached skill level 1 in Conjurations
  2282 | D:3      | Reached skill level 1 in Hexes
  2282 | D:3      | Reached skill level 1 in Summonings
  2282 | D:3      | Reached skill level 1 in Necromancy
  2282 | D:3      | Reached skill level 1 in Translocations
  2282 | D:3      | Reached skill level 1 in Transmutations
  2282 | D:3      | Reached skill level 1 in Fire Magic
  2282 | D:3      | Reached skill level 1 in Ice Magic
  2282 | D:3      | Reached skill level 1 in Air Magic
  2282 | D:3      | Reached skill level 1 in Earth Magic
  2282 | D:3      | Reached skill level 1 in Poison Magic
  2438 | D:3      | Found a hazy altar of Hepliaklqana.
  2516 | D:3      | Found a radiant altar of Vehumet.
  2522 | D:3      | Found a basalt altar of Yredelemnul.
  2522 | D:3      | Found a glowing golden altar of the Shining One.
  2522 | D:3      | Found a sacrificial altar of Ru.
  2523 | D:3      | Found an ornate altar of the Wu Jian Council.
  2808 | D:4      | Found an ancient bone altar of Kikubaaqudgha.
  2840 | D:4      | Reached XP level 5. HP: 46/47 MP: 8/8
  3063 | D:4      | Reached skill level 5 in Invocations
  3315 | D:4      | Reached XP level 6. HP: 53/53 MP: 9/9
  3494 | D:5      | Entered Level 5 of the Dungeon
  3505 | D:5      | Reached skill level 5 in Axes
  3505 | D:5      | Reached skill level 5 in Armour
  3522 | D:5      | HP: 2/53 [something/magic dart (10)]
  3522 | D:5      | Slain by an orc

Illustrated notes

Levels and vault maps discovered:
D:1:      dpeg_arrival_morbid_curiosity, layout_basic, bh_walls_and_bars
D:2:      layout_loops_cross, nicolae_dithmenos_through_a_glass_darkly,
          uniq_sigmund, uniq_terence, uniq_jessica
D:3:      layout_loops_ring, overflow_temple_1_default, minitemple, uniq_ijyb
D:4:      layout_loops_cross, lemuel_round_altar, minmay_misc_feat_tiny
D:5:      layout_basic, gup_sewer_entry_pipe

Skill      XL: |  1  2  3  4  5  6 |
---------------+-------------------+-----
Short Blades   | 1 |  1.9
Long Blades    | 1 |  1.9
Maces & Flails | 1 |  1.9
Polearms       | 1 |  1.9
Staves         | 1 |  1.9
Slings         | 1 |  1.9
Bows           | 1 |  1.9
Crossbows      | 1 |  1.9
Throwing       | 1 |  1.9
Stealth        | 1 |  1.9
Shields        | 1 |  1.9
Unarmed Combat | 1 |  1.9
Spellcasting   | 1 |  1.9
Evocations     | 1 |  1.9
Conjurations   | 1 |  1.5
Hexes          | 1 |  1.5
Summonings     | 1 |  1.5
Necromancy     | 1 |  1.5
Translocations | 1 |  1.5
Transmutations | 1 |  1.5
Fire Magic     | 1 |  1.5
Ice Magic      | 1 |  1.5
Air Magic      | 1 |  1.5
Earth Magic    | 1 |  1.5
Poison Magic   | 1 |  1.5
Dodging        | 3 |  3.2
Invocations    | 5 |  5.0
Axes           | 5 |  5.0
Armour         | 5 |  5.0
Fighting       | |  6.8

Action                   |  1- 3 |  4- 6 || total
-------------------------+-------+-------++-------
Melee: Hand axe          |   102 |   117 ||   219
       Bite              |     7 |     8 ||    15
Throw: Dart              |       |    10 ||    10
Invok: Depart the Abyss  |     1 |       ||     1
  Use: Scroll            |     4 |     3 ||     7
       Potion            |       |     1 ||     1
 Stab: Sleeping          |     8 |     5 ||    13
Armor: Leather armour    |    49 |    42 ||    91
Dodge: Dodged            |    65 |    43 ||   108
Block: Kite shield       |    30 |    52 ||    82

Table legend: (Time is in decaauts)
 A = Elapsed time spent in this place.
 B = Non-inter-level travel time spent in this place.
 C = Inter-level travel time spent in this place.
 D = Time resting spent in this place.
 E = Time spent auto-exploring this place.
 F = Levels seen in this place.
 G = Mean time per level.
                   A        B        C        D        E       F      G
               +--------+--------+--------+--------+--------+-----+--------+
         Total |   3553 |   3410 |    143 |    383 |   2196 |   7 |  507.6 |
       Dungeon |   3457 |   3314 |    143 |    383 |   2136 |   5 |  691.4 |
         Abyss |     95 |     95 |      0 |      0 |     60 |   2 |   47.5 |
               +--------+--------+--------+--------+--------+-----+--------+

Top non-repeatable levels by time:
     D:1: 1047 daAuts
     D:3: 979 daAuts
     D:4: 823 daAuts
     D:2: 577 daAuts
 Abyss:2: 72 daAuts
     D:5: 30 daAuts
 Abyss:1: 23 daAuts
